 Dungeon Crawl Stone Soup version 0.27-a0-1220-g54dba09ff7 (webtiles) character file.

Game seed: 2423644836513814598

10 Bnni the Skirmisher (level 2, -1/19 HPs)
             Began as a Kobold Chaos Knight on June 7, 2021.
             Was a Plaything of Xom.
             Slain by Sigmund
             ... wielding a +0 scythe
              (12 damage)
             ... on level 2 of the Dungeon.
             The game lasted 00:02:11 (886 turns).

Bnni the Skirmisher (Kobold Chaos Knight)            Turns: 886, Time: 00:02:12

Health: -1/19      AC:  5    Str:  9    XL:     2   Next: 30%
Magic:  2/2        EV: 12    Int: 13    God:    Xom [....*.]
Gold:   64         SH:  0    Dex: 14    Spells: 1/1 levels left

rFire    . . .     SeeInvis .   a - +0 spear (chaos)
rCold    . . .     Faith    .   (shield restricted)
rNeg     . . .     Spirit   .   h - +0 ring mail
rPois    .         Reflect  .   (no helmet)
rElec    .         Harm     .   (no cloak)
rCorr    .         Rampage  .   (no gloves)
Will     .....                  (no boots)
Stlth    ++........             (no amulet)
HPRegen  0.06/turn              (no ring)
MPRegen  0.08/turn              (no ring)

@: no status effects
A: small, no large weapons, nightstalker 3
a: Renounce Religion


You were on level 2 of the Dungeon.
You worshipped Xom.
You were a beloved toy of Xom.
You visited 1 branch of the dungeon, and saw 2 of its levels.

You collected 64 gold pieces.

Inventory:

Hand Weapons
 a - a +0 spear of chaos (weapon)
 d - a +0 dagger
 i - a +0 hunting sling of flaming
Missiles
 j - 16 stones (quivered)
Armour
 b - a +2 leather armour
 f - a +0 buckler
 h - a +0 ring mail (worn)
Scrolls
 c - a scroll of vulnerability {unknown}
 e - 3 scrolls of identify {unknown}
Potions
 g - a potion of haste {unknown}
 k - a potion of brilliance {unknown}


   Skills:
 + Level 3.5 Fighting
 * Level 2.8 Polearms
 - Level 0.7 Armour
 - Level 2.4 Dodging


You had one spell level left.
You didn't know any spells.
Your spell library was empty.

Dungeon Overview and Level Annotations

Branches:
Dungeon (2/15)

Altars:

Shops:
D:1 :

Annotations:
D:2 Sigmund


Innate Abilities, Weirdness & Mutations

You are small and have problems with some larger weapons.
You are completely attuned to the shadows.


Message History

You feel aware of your surroundings. Sigmund misses you.
You reach to attack!
You hit Sigmund but do no damage.
Sigmund is poisoned.
Sigmund is lightly wounded.
Sigmund misses you.
You reach to attack!
You closely miss Sigmund.
Sigmund is lightly wounded.
You reach to attack!
You hit Sigmund. You freeze Sigmund.
Sigmund is moderately wounded.
Sigmund points at you and mumbles some strange words.
The magic dart hits you!
You reach to attack!
You hit Sigmund but do no damage.
Sigmund looks as sick as possible!
Sigmund is moderately wounded.
Xom grants you some temporary aid. Sigmund closely misses you.
You reach to attack!
You hit Sigmund. You burn Sigmund.
Sigmund is heavily wounded.
You reach to attack!
You closely miss Sigmund.
Sigmund is heavily wounded.
Sigmund casts a spell.
Sigmund flickers and vanishes!
Deactivating autopickup; reactivate with Ctrl-A.
Reach: a) +0 spear (chaos)
Press: ? - help, Dir - move target, f - you That would be overly suicidal.
Okay, then.
Reach: a) +0 spear (chaos)
Press: ? - help, Dir - move target You could not reach far enough!
You hear some strange, mumbled words.
Your iron imp appears confused.
Reach: a) +0 spear (chaos)
Press: ? - help, Dir - move target You could not reach far enough!
Unknown command.
Reach: a) +0 spear (chaos)
Press: ? - help, Dir - move target You could not reach far enough!
Something hits you!
Ouch! That really hurt!
You die...

, ***
#.<.#.###### *,
#...#......# *
* *#####.####.#
* * ***,
,*#.##...# , *
, ,*#.##.###
**,**,*,,#)##.#
*,* , *,* *#.#
*,,, *,*, #.#
** * *****,
*#@#***** , , ,
,,, #5.5{..,* *
** ***** ,
####### * * , *
*,*** *, , **
***,* *,,,,
,,,,, * ***
******** * , ,
,


You could see a friendly iron imp (summoned, confused) and a friendly quasit
(summoned).

Vanquished Creatures
  A bat (D:1)
  An endoplasm (D:1)
  2 hobgoblins (D:2)
  2 ball pythons (D:1)
  A frilled lizard (D:2)
  2 kobolds (D:1)
  A rat (D:2)
10 creatures vanquished.

Notes
Turn   | Place    | Note
-------+----------+-------------------------------------------
     0 | D:1      | Bnni the Kobold Chaos Knight began the quest for the Orb.
     0 | D:1      | Reached XP level 1. HP: 14/14 MP: 1/1
   111 | D:1      | XOM: silly message
   367 | D:1      | Reached XP level 2. HP: 19/19 MP: 2/2
   466 | D:1      | Found Mirergh's Book Emporium.
   574 | D:1      | XOM: god gift: ring mail {god gift}
   874 | D:2      | Noticed Sigmund
   874 | D:2      | XOM: enchant monster (good)
   877 | D:2      | XOM: divination: magic mapping
   881 | D:2      | XOM: summons 2 friendly demons
   886 | D:2      | Slain by Sigmund

Illustrated notes

Levels and vault maps discovered:
D:1:      dpeg_arrival_rhombus, layout_loops_ring, serial_shops,
          nicolae_shop_competitors_out_of_business
D:2:      layout_basic, basic_altar, grunt_ministairs_14, uniq_sigmund,
          uniq_robin, uniq_jessica

Action                   || total
-------------------------++-------
Melee: Spear             ||    29
 Stab: Sleeping          ||     3
Armor: Leather armour    ||     3
       Ring mail         ||     1
Dodge: Dodged            ||    14

Table legend: (Time is in decaauts)
 A = Elapsed time spent in this place.
 B = Non-inter-level travel time spent in this place.
 C = Inter-level travel time spent in this place.
 D = Time resting spent in this place.
 E = Time spent auto-exploring this place.
 F = Levels seen in this place.
 G = Mean time per level.
                   A        B        C        D        E       F      G
               +--------+--------+--------+--------+--------+-----+--------+
         Total |    883 |    859 |     24 |      0 |    758 |   2 |  441.5 |
       Dungeon |    883 |    859 |     24 |      0 |    758 |   2 |  441.5 |
               +--------+--------+--------+--------+--------+-----+--------+

Top non-repeatable levels by time:
     D:1: 813 daAuts
     D:2: 69 daAuts
